 Dungeon Crawl Stone Soup version 0.19-a0-929-g333bac9 (webtiles) character file.

351 Arkorax the Slasher (level 6, -10/44 HPs)
             Began as a High Elf Gladiator on July 7, 2016.
             Killed themself with a badly aimed iceblast (12 damage)
             ... on level 6 of the Dungeon.
             The game lasted 00:04:09 (2799 turns).

Arkorax the Slasher (High Elf Gladiator)            Turns: 2799, Time: 00:04:09

Health: -10/44     AC:  7    Str: 14    XL:     6   Next: 34%
Magic:  16/16      EV: 13    Int: 13    God:
Gold:   226        SH:  0    Dex: 17    Spells: 0 memorised, 5 levels left

rFire  . . .     SeeInvis .     u - +3 falchion
rCold  . . .     Gourm    .     o - +0 ring mail
rNeg   . . .     Faith    .     (no shield)
rPois  .         Spirit   .     c - +0 helmet
rElec  .         Dismiss  .     k - +0 cloak
rCorr  .         Reflect  .     (no gloves)
SustAt .         Harm     .     (no boots)
MR     .....                    (no amulet)
Stlth  +.........               (no ring)
                                j - ring of magical power

@: lethally poisoned (-10 -> -20), not resistant to hostile enchantments, very
unstealthy
A: no striking features
a: no special abilities


You were on level 6 of the Dungeon.
You were hungry.

You visited 1 branch of the dungeon, and saw 6 of its levels.

You collected 226 gold pieces.

Inventory:

Hand Weapons
 a - a +0 long sword
 u - a +3 falchion (weapon)
Missiles
 d - a throwing net (quivered)
Armour
 b - a +0 leather armour
 c - a +0 helmet (worn)
 k - a +0 cloak (worn)
 o - a +0 ring mail (worn)
Jewellery
 j - a ring of magical power (left hand)
Wands
 t - a wand of random effects (24/48)
Scrolls
 e - 5 scrolls of identify {unknown}
 g - a scroll of fog {unknown}
 l - 2 scrolls of remove curse {unknown}
 q - a scroll of noise {unknown}
 r - 2 scrolls of immolation {unknown}
 s - 2 scrolls of recharging {unknown}
 v - 2 scrolls of amnesia {unknown}
Comestibles
 f - a bread ration
 h - 2 meat rations
 m - a beef jerky


   Skills:
 * Level 4.6 Fighting
 * Level 6.0 Long Blades
 - Level 2.0 Throwing
 + Level 4.5 Dodging


You had 5 spell levels left.
You didn't know any spells.

Dungeon Overview and Level Annotations

Branches:
Dungeon (6/15)
 Temple: D:4-7

Altars:
Ashenzari
Cheibriados
Vehumet

Annotations:
D:2 Sigmund
D:4 Menkaure
D:5 Arkorax's ghost, novice HEGl


Message History

* * * LOW HITPOINT WARNING * * *
You feel sick. The jackal closely misses you.
You riposte.
You closely miss the jackal. The worker ant bites you.
* * * LOW HITPOINT WARNING * * *
The worker ant bites you but does no damage.
Unknown command.
Evoke which item? (* to show all) (? for menu, Esc to quit)
Zapping:
t - a wand of random effects (will waste charges)
Press: ? - help, Shift-Dir - straight line, f/p - worker ant
Aim: a worker ant (lightly wounded)
The mass of ice explodes!
The iceblast engulfs the worker ant.
The worker ant is almost dead.
The iceblast engulfs the jackal.
You kill the jackal!
The iceblast engulfs the jackal.
You kill the jackal!
The iceblast engulfs the jackal.
You kill the jackal!
The iceblast engulfs you!
You die...

#....# ###
#....#...#
######....#...#
....(#....#...#
.............+
...........
#....# #<.a.#
#.##@# #.##+#
... ##.# #.#
..# #.#


You could see a worker ant.

Vanquished Creatures
  An ogre (D:4)
  A giant frog (D:4)
  A hound (D:4)
  A hound skeleton (D:4)
  7 adders
  A shadow imp (D:4)
  An ooze (D:2)
  A worm (D:2)
  A dart slug (D:3)
  6 orcs
  2 ball pythons (D:1)
  5 giant cockroaches
  7 goblins
  7 hobgoblins
  10 jackals
  9 bats
  2 giant newts (D:1)
  2 kobolds
  13 rats
78 creatures vanquished.

Notes
Turn   | Place    | Note
-------+----------+-------------------------------------------
     0 | D:1      | Arkorax the High Elf Gladiator began the quest for the Orb.
     0 | D:1      | Reached XP level 1. HP: 14/14 MP: 2/2
    35 | D:1      | Reached skill level 4 in Long Blades
   304 | D:1      | Reached XP level 2. HP: 19/19 MP: 3/3
   873 | D:1      | Reached XP level 3. HP: 25/25 MP: 4/4
  1230 | D:2      | Reached XP level 4. HP: 31/31 MP: 5/5
  1546 | D:2      | Found a radiant altar of Vehumet.
  1725 | D:2      | Noticed Sigmund
  1810 | D:3      | Found a shattered altar of Ashenzari.
  1897 | D:3      | Found a snail-covered altar of Cheibriados.
  2337 | D:4      | Noticed a giant frog
  2351 | D:4      | Killed a giant frog
  2351 | D:4      | Reached skill level 5 in Long Blades
  2351 | D:4      | Reached XP level 5. HP: 37/37 MP: 6/6
  2563 | D:4      | Noticed an ogre
  2572 | D:4      | Killed an ogre
  2572 | D:4      | Reached skill level 6 in Long Blades
  2572 | D:4      | Reached XP level 6. HP: 10/44 MP: 7/7
  2767 | D:4      | Noticed Menkaure
  2775 | D:5      | Entered Level 5 of the Dungeon
  2787 | D:5      | Noticed Arkorax's ghost (novice HEGl)
  2798 | D:6      | HP: 2/44 [worker ant (2)]
  2799 | D:6      | Killed themself with a badly aimed iceblast

Vault maps used:
D:1:      erik_arrival_orb_chamber
D:2:      minmay_diamond_boxcup, fiery_altar_vehumet, serial_park_tiny_pond,
          corexii_leaking_fountain, minmay_rats_cheesy_pizza, uniq_sigmund
D:3:      cheibriados_altar_1, cheibrodos_ashenzari_chains
D:4:      uniq_menkaure
D:5:      serial_shops, nicolae_shop_waterfront, first_bread,
          grunt_dithmenos_shadows
D:6:      gammafunk_temple_overflow_claw

Skill      XL: |  1  2  3  4  5 |
---------------+----------------+-----
Long Blades    | 4 5 6 |  6.0
Fighting       | 3 4 |  4.6
Dodging        | 4 |  4.5
Throwing       | |  2.0

Action                   |  1- 3 |  4- 6 || total
-------------------------+-------+-------++-------
Melee: Long sword        |   115 |   104 ||   219
       Falchion          |       |    45 ||    45
Throw: Throwing net      |     1 |     2 ||     3
  Use: Potion            |     1 |     3 ||     4
 Stab: Sleeping          |     2 |       ||     2
       Invisible         |       |     6 ||     6
       Held in net/web   |       |     1 ||     1
  Eat: Chunk             |     1 |     5 ||     6
Armor: Leather armour    |    30 |     1 ||    31
       Ring mail         |       |    38 ||    38
Dodge: Dodged            |    60 |    81 ||   141
